 Dungeon Crawl Stone Soup version 0.30.0-19-g36f170ea60 (webtiles) character file.

Game seed: 16899206726254456949

827 Ijustatesigmund the Conjurer (level 7, 0/72 HPs)
             Began as an Octopode Conjurer on June 1, 2023.
             Was an Initiate of Cheibriados.
             Slain by an orc wizard
             ... wielding a +0 dagger
              (3 damage)
             ... on level 5 of the Dungeon.
             The game lasted 00:11:43 (5746 turns).

Ijustatesigmund the Conjurer (Octopode Conjurer)    Turns: 5746, Time: 00:11:44

Health: 0/72       AC:  1    Str:  8    XL:     7   Next: 97%
Magic:  13/13      EV: 13    Int: 23    God:    Cheibriados [......]
Gold:   214        SH:  0    Dex: 11    Spells: 7/14 levels left

rFire   . . .        d - +0 war axe (flame)
rCold   . . .        (no shield)
rNeg    . . .        (helmet restricted)
rPois   .            b - amulet of regeneration
rElec   .            (no ring)
rCorr   .            (no ring)
SInv    .            (no ring)
Will    .....        (no ring) Stlth
                     (no ring)
HPRegen 1.12/turn    (no ring)
MPRegen 0.13/turn    (no ring)
                     (no ring)

%: no passive effects
@: brilliant, berserking (expiring), very slow
A: almost no armour, amphibious, 8 rings, camouflage 1, gelatinous body 1,
(nimble swimmer 1), tentacles
a: Renounce Religion


You were on level 5 of the Dungeon.
You worshipped Cheibriados.
Cheibriados was noncommittal.
You visited 2 branches of the dungeon, and saw 6 of its levels.

You collected 214 gold pieces.

Inventory:

Hand Weapons
 d - a +0 war axe of flaming (weapon)
Missiles
 r - 5 curare-tipped darts
Jewellery
 b - an amulet of regeneration (around mantle)
 h - a ring of ice
 k - a ring of ice
 l - an amulet of magic regeneration
Wands
 e - a wand of flame (24)
 q - a wand of iceblast (12)
Scrolls
 c - a scroll of poison
 o - 3 scrolls of teleportation
 s - a scroll of blinking
Potions
 a - 2 potions of magic
 i - a potion of attraction
 j - 2 potions of resistance
 m - a potion of might
 p - a potion of brilliance
 t - a potion of haste {unknown}


   Skills:
 + Level 4.2 Fighting
 - Level 3.1 Axes
 - Level 2.0 Dodging
 - Level 2.6 Stealth
 + Level 4.4 Spellcasting
 - Level 4.6 Conjurations
 + Level 3.5 Translocations
 + Level 1.4 Invocations


You had 7 spell levels left.
You knew the following spells:

 Your Spells              Type           Power      Damage    Failure   Level
a - Magic Dart            Conj           100%       1d8       1%          1
b - Searing Ray           Conj           78%        2d7       2%          2
c - Iskenderun's Mystic   Conj/Tloc      35%        2d8       19%         4

Your spell library contained the following spells:

 Spells                   Type           Power      Damage    Failure   Level
 Dazzling Flash           Conj/Hex       46%        N/A       12%         3
 Stone Arrow              Conj/Erth      46%        3d9       12%         3
 Vhi's Electric Charge    Tloc/Air       38%        N/A       14%         3
 Sublimation of Blood     Necr           7%         N/A       16%         2
 Passage of Golubria      Tloc           32%        N/A       22%         4
 Tukima's Dance           Hex            7%         N/A       30%         3
 Fulminant Prism          Conj/Hex       11%        3d9       36%         4
 Petrify                  Tmut/Erth      7%         N/A       69%         4
 Arcjolt                  Conj/Air       11%        1d21      71%         5
 Irradiate                Conj/Tmut      11%        3d15      71%         5
 Silence                  Hex/Air        3%         N/A       95%         5
 Yara's Violent Unravell  Hex/Tmut       3%         3d4       95%         5
 Plasma Beam              Fire/Air       3%         2x1d15    100%        6
 Lehudib's Crystal Spear  Conj/Erth      11%        10d4      100%        8
 Animate Armour           Summ/Erth      Unusable   N/A       N/A         4

Dungeon Overview and Level Annotations

Branches:
Dungeon (5/15)             Temple (1/1) D:5

Altars:
Cheibriados
Dithmenos
Elyvilon
Gozag
Hepliaklqana
Kikubaaqudgha
Makhleb
Nemelex Xobeh
Okawaru
Qazlal
Ru
Sif Muna
Trog
Uskayaw
Vehumet
Wu Jian
Xom
Yredelemnul
Zin
The Shining One


Innate Abilities, Weirdness & Mutations

You cannot wear most types of armour.
You are amphibious.
You can wear up to eight rings at the same time.
Your skin changes colour to match your surroundings (Stealth+).
Your rubbery body absorbs attacks. (AC +1, EV +1)
((You are camouflaged when in or above water. (Stealth+)))
You have tentacles for arms and can constrict up to eight enemies at once.


Message History

You feel invigorated.
The orc wizard casts a spell.
The orc wizard flickers and vanishes!
Something hits you.
* * * LOW HITPOINT WARNING * * *
The orc closely misses you.
A red film seems to cover your vision as you go berserk!
Cheibriados forces you to slow down.
You feel mighty! Something hits you.
* * * LOW HITPOINT WARNING * * *
Something hits you.
* * * LOW HITPOINT WARNING * * *
The orc misses you. The orc hits you with a +0 dagger.
* * * LOW HITPOINT WARNING * * *
You're too confused to move!
You feel a strong urge to attack something.
Something hits you. x2; The orc misses you.
The orc hits you with a +0 dagger.
* * * LOW HITPOINT WARNING * * *
You completely miss the orc. Your squeeze misses the orc.
You closely miss something. x2; You barely miss the orc.
Something completely misses you. Something hits you.
The orc closely misses you. The orc hits you with a +0 hand axe.
You miss something. Your squeeze misses something. You closely miss something.
You miss the orc. You closely miss the orc.
You feel less invigorated.
You feel less confused. Something hits you.
Something hits you but does no damage. The orc hits you with a +0 dagger.
The orc closely misses you.
You miss something. You barely miss something. You hit the orc.
You burn the orc.
You kill the orc!
Cheibriados appreciates the change of pace.
You closely miss the orc. Something hits you. x2
* * * LOW HITPOINT WARNING * * *
The orc closely misses you. The orc hits you with a +0 hand axe.
* * * LOW HITPOINT WARNING * * *
You hear some strange, mumbled words.
A puff of flame appears from out of thin air!
The puff of flame hits you!
* * * LOW HITPOINT WARNING * * *
Something hits you.
You die...

..........................##.....
##.... ..###.................#...
# ... ..##..............>..##.. #
....................## #.
....................# #
....................#
...................## ##
.......{o..........####..
.......{@..........##....
.......).......###..#.<..
.............######......
##.....#.........###...).
#######..$..............
#..............)..
#..........(......
###############................).
.................................


You could see an orc.

Vanquished Creatures
  Sigmund (D:3)
  Duvessa (D:4)
  A scorpion (D:5)
  Dowan (D:4)
  4 hounds (D:5)
  3 orc priests (D:5)
  4 orc wizards
  3 adders
  2 worms (D:2)
  2 dart slugs (D:1)
  17 orcs
  7 endoplasms
  2 giant cockroaches (D:2)
  8 goblins
  11 hobgoblins
  4 jackals
  5 kobolds
  A quokka (D:4)
  4 ball pythons (D:1)
  7 bats
  A frilled lizard (D:2)
  9 rats
98 creatures vanquished.

Notes
Turn   | Place    | Note
-------+----------+-------------------------------------------
     0 | D:1      | Ijustatesigmund the Octopode Conjurer began the quest for
                  | the Orb.
     0 | D:1      | Reached XP level 1. HP: 11/11 MP: 3/3
   249 | D:1      | Reached XP level 2. HP: 15/18 MP: 0/5
   417 | D:1      | Reached skill level 1 in Fighting
   901 | D:1      | Reached XP level 3. HP: 23/23 MP: 0/6
  1369 | D:1      | Learned a level 2 spell: Searing Ray
  2346 | D:2      | Reached XP level 4. HP: 14/29 MP: 4/8
  2379 | D:2      | Learned a level 4 spell: Iskenderun's Mystic Blast
  3403 | D:3      | Noticed Sigmund
  3411 | D:3      | Killed Sigmund
  3412 | D:3      | Reached skill level 1 in Axes
  3412 | D:3      | Reached skill level 1 in Translocations
  3412 | D:3      | Reached XP level 5. HP: 27/36 MP: 0/10
  3412 | D:3      | Reached XP level 6. HP: 31/41 MP: 0/11
  4105 | D:4      | Noticed Duvessa
  4105 | D:4      | Noticed Dowan
  4115 | D:4      | HP: 1/42 [Duvessa/+0 short sword (13)]
  4122 | D:4      | Killed Duvessa
  4127 | D:4      | Killed Dowan
  4128 | D:4      | Reached XP level 7. HP: 27/46 MP: 6/12
  4515 | D:5      | Entered Level 5 of the Dungeon
  5037 | D:5      | Found a staircase to the Ecumenical Temple.
  5091 | Temple   | Entered the Ecumenical Temple
  5235 | Temple   | Became a worshipper of Cheibriados the Contemplative
  5349 | D:5      | Reached skill level 1 in Invocations
  5746 | D:5      | HP: 3/72 [something/puff of flame (14)]
  5746 | D:5      | Slain by an orc wizard

Illustrated notes

Levels and vault maps discovered:
D:1:      shiori_arrival_oz, layout_basic, kennysheep_small_spiral
D:2:      layout_loops_ring, grunt_ministairs_9, serial_bayou_crossing
D:3:      layout_loops_cross, uniq_sigmund
D:4:      layout_rooms, uniq_duvessa
D:5:      layout_cave_pods, minmay_temple_entry_offerings, serial_park,
          serial_park_fountain, serial_park_avenue1, minmay_misc_feat_tower,
          kennysheep_generic_room_10
Temple:   nicolae_temple_bog_church

Skill      XL: |  1  2  3  4  5  6  7 |
---------------+----------------------+-----
Fighting       | 1 2 3 4 |  4.2
Axes           | 1 2 3 |  3.1
Spellcasting   | 3 4 |  4.4
Translocations | 1 2 3 |  3.5
Invocations    | 1 |  1.4
Dodging        | |  2.0
Stealth        | |  2.6
Conjurations   | |  4.6

Action                     |  1- 3 |  4- 6 |  7- 9 || total
---------------------------+-------+-------+-------++-------
  Melee: Unarmed           |    10 |       |       ||    10
         Whip              |    29 |     2 |       ||    31
         Constrict         |     9 |    14 |    14 ||    37
         Tentacles         |     4 |    11 |     9 ||    24
         Punch             |     2 |     1 |     2 ||     5
         War axe           |       |    48 |    46 ||    94
   Cast: Magic Dart        |    61 |    18 |     9 ||    88
         Searing Ray       |     1 |     8 |     3 ||    12
         Iskenderun's Myst |       |     1 |     2 ||     3
    Use: Potion            |     1 |     4 |     3 ||     8
         Scroll            |       |     9 |     6 ||    15
   Stab: Sleeping          |     2 |     2 |     2 ||     6
 Armour: Skin              |     4 |     5 |     6 ||    15
  Dodge: Dodged            |    35 |    28 |    45 ||   108
